 Dungeon Crawl Stone Soup version 0.27-a0-1191-g601b473118 (webtiles) character file.

Game seed: 17059982508906071640

226 wakim the Digger (level 6, 0/32 HPs)
             Began as a Gargoyle Earth Elementalist on May 23, 2021.
             Slain by Ijyb
             ... wielding a +2 dagger of venom
              (2 damage)
             ... on level 4 of the Dungeon.
             The game lasted 00:12:45 (4925 turns).

wakim the Digger (Gargoyle Earth Elementalist)      Turns: 4925, Time: 00:12:46

Health: 0/32       AC:  6    Str: 11    XL:     6   Next: 1%
Magic:  1/9        EV: 12    Int: 18    God:
Gold:   196        SH:  0    Dex: 10    Spells: 1/10 levels left

rFire    + . .     SeeInvis .   a - +2 dagger (venom)
rCold    . . .     Faith    .   (no shield)
rNeg     + . .     Spirit   .   c - +0 robe
rPois    ∞         Reflect  .   (no helmet)
rElec    +         Harm     .   (no cloak)
rCorr    .         Rampage  .   (no gloves)
Will     +....                  (no boots)
Stlth    ++........             f - amulet of magic regeneration
HPRegen  0.10/turn              p - ring of protection from fire
MPRegen  0.36/turn              q - ring of willpower

@: very slightly contaminated
A: sickness immunity, AC +4, negative energy resistance 1, electricity
resistance, torment resistance 1, petrification resistance
a: no special abilities


You were on level 4 of the Dungeon.
You visited 1 branch of the dungeon, and saw 4 of its levels.

You collected 196 gold pieces.

Inventory:

Hand Weapons
 a - a +2 dagger of venom (weapon)
 b - a +2 vorpal flail
Missiles
 k - 7 poisoned darts
 s - 16 stones
Armour
 c - a +0 robe (worn)
 g - a +0 cloak
 i - a +1 helmet
Magical Staves
 d - a staff of fire
Jewellery
 f - an amulet of magic regeneration (around neck)
 m - an amulet of regeneration
 p - a ring of protection from fire (left hand)
 q - a ring of willpower (right hand)
Scrolls
 o - 2 scrolls of immolation {unknown}
 r - a scroll of identify
 R - a scroll of magic mapping {!r}
 T - a scroll of teleportation
 Y - a scroll of blinking {!r}
Potions
 e - a potion of flight {unknown}
 h - a potion of attraction {unknown}
 j - a potion of magic {unknown}
 l - 4 potions of heal wounds {unknown}
 n - 2 potions of curing {unknown}
 D - 2 potions of brilliance


   Skills:
 + Level 2.6 Dodging
 - Level 2.1 Stealth
 - Level 2.5 Spellcasting
 + Level 2.5 Conjurations
 - Level 0.7 Transmutations
 - Level 6.0 Earth Magic


You had one spell level left.
You knew the following spells:

 Your Spells              Type           Power      Damage    Failure   Level
a - Sandblast             Erth           46%        2d11      1%          1
b - Lee's Rapid Deconstr  Erth           11%        3d9*      38%         5
x - Stone Arrow           Conj/Erth      34%        3d9       9%          3

Your spell library contained the following spells:

 Spells                   Type           Power      Damage    Failure   Level
 Beastly Appendage        Tmut           8%         N/A       13%         1
 Passwall                 Tmut/Erth      11%        N/A       7%          2
 Wereblood                Tmut           4%         N/A       19%         2
 Spider Form              Tmut/Pois      1%         N/A       41%         3
 Petrify                  Tmut/Erth      14%        N/A       41%         4
 Ice Form                 Ice/Tmut       3%         N/A       83%         4
 Hydra Form               Tmut           2%         N/A       98%         5


Dungeon Overview and Level Annotations

Branches:
Dungeon (4/15)
 Temple: D:4-7

Altars:

Annotations:
D:4 Ijyb


Innate Abilities, Weirdness & Mutations

You are immune to sickness and miasma.
Your stone body is resilient. (AC +4)
You are immune to poison.
You resist negative energy. (rN+)
You are resistant to electric shocks. (rElec)
You are resistant to unholy torment.
You are immune to petrification.


Message History

Confirm with . or Enter, or press ? or * to list all spells.
Okay, then.
Casting: Sandblast (safe; 1% risk of failure)
Confirm with . or Enter, or press ? or * to list all spells.
Okay, then.
Casting: Sandblast (safe; 1% risk of failure)
Confirm with . or Enter, or press ? or * to list all spells.
The spell is quite dangerous to cast (9% risk of failure)!
Continue anyway?
Okay, then.
Casting: Stone Arrow (quite dangerous; 9% risk of failure)
Confirm with . or Enter, or press ? or * to list all spells.
The spell is quite dangerous to cast (9% risk of failure)!
Continue anyway?
Aiming: Stone Arrow (quite dangerous; 9% risk of failure)
Press: ? - help, Shift-Dir - straight line, f - Ijyb
Aim: Ijyb, wielding a +2 dagger of venom, wearing a +0 scale mail and carrying a wand of mindburst (6) (64% to hit)
The stone arrow hits Ijyb.
Ijyb is moderately wounded.
Ijyb hits you with a +2 dagger of venom.
* * * LOW HITPOINT WARNING * * *
Casting: Stone Arrow (quite dangerous; 9% risk of failure)
Confirm with . or Enter, or press ? or * to list all spells.
The spell is quite dangerous to cast (9% risk of failure)!
Continue anyway?
Aiming: Stone Arrow (quite dangerous; 9% risk of failure)
Press: ? - help, Shift-Dir - straight line, f/p - Ijyb
Aim: Ijyb, wielding a +2 dagger of venom, wearing a +0 scale mail and carrying a wand of mindburst (6) (moderately wounded, 64% to hit)
The stone arrow misses Ijyb.
The stone arrow hits the iguana!
The iguana is severely wounded.
Ijyb hits you but does no damage.
Unknown command.
Casting: Stone Arrow (quite dangerous; 9% risk of failure)
Confirm with . or Enter, or press ? or * to list all spells.
The spell is quite dangerous to cast (9% risk of failure)!
Continue anyway?
Aiming: Stone Arrow (quite dangerous; 9% risk of failure)
Press: ? - help, Shift-Dir - straight line, f/p - Ijyb
Aim: Ijyb, wielding a +2 dagger of venom, wearing a +0 scale mail and carrying a wand of mindburst (6) (moderately wounded, 64% to hit)
You miscast Stone Arrow.
You are very lightly contaminated with residual magic.
Nothing appears to happen.
Ijyb hits you with a +2 dagger of venom.
You die...

..##.#....#.##.............#
.K#.#.####.#.#.........†...#
.#.##..##.#..............#
.##....##...............#
........................#
...............##########
.##....##.........
#.##..##.#.....###
#.####.#@#....#
#.#....#g##....#
##.....l##.#...# ..........#
#..# ...........# ..#
.............#.#
...............#
#######....###. #.....


You could see Ijyb and an iguana.

Vanquished Creatures
  An orc priest (D:3)
  Crazy Yiuf (D:2)
  An orc wizard (D:3)
  Terence (D:3)
  Robin (D:2)
  2 adders
  A worm (D:2)
  2 dart slugs
  4 orcs (D:3)
  7 endoplasms
  6 giant cockroaches
  11 goblins
  11 hobgoblins
  3 jackals
  3 kobolds
  A quokka (D:2)
  6 ball pythons
  6 bats
  2 frilled lizards
  6 rats
76 creatures vanquished.

Notes
Turn   | Place    | Note
-------+----------+-------------------------------------------
     0 | D:1      | wakim the Gargoyle Earth Elementalist began the quest for
                  | the Orb.
     0 | D:1      | Reached XP level 1. HP: 10/10 MP: 3/3
   294 | D:1      | Reached skill level 4 in Earth Magic
   495 | D:1      | Reached XP level 2. HP: 15/15 MP: 3/5
   916 | D:1      | You fall into a shaft and drop 1 floor!
  1040 | D:2      | Reached XP level 3. HP: 19/19 MP: 2/6
  1927 | D:2      | Noticed Robin
  1936 | D:2      | Reached skill level 5 in Earth Magic
  1971 | D:2      | Killed Robin
  2251 | D:2      | Found a runed translucent door.
  2252 | D:2      | Noticed Crazy Yiuf
  2258 | D:2      | Killed Crazy Yiuf
  2259 | D:2      | Reached XP level 4. HP: 24/24 MP: 4/7
  2788 | D:2      | Learned a level 3 spell: Stone Arrow
  2940 | D:3      | Noticed Terence
  2961 | D:3      | Killed Terence
  2962 | D:3      | Reached skill level 6 in Earth Magic
  3253 | D:3      | Reached skill level 1 in Conjurations
  3253 | D:3      | Reached XP level 5. HP: 28/28 MP: 6/8
  3551 | D:3      | Found a faded altar of an unknown god.
  4839 | D:4      | Reached XP level 6. HP: 32/32 MP: 9/9
  4845 | D:4      | Learned a level 5 spell: Lee's Rapid Deconstruction
  4915 | D:4      | Noticed Ijyb
  4923 | D:4      | HP: 1/32 [Ijyb/+2 dagger of venom (5)]
  4925 | D:4      | Slain by Ijyb

Illustrated notes

Levels and vault maps discovered:
D:1:      dpeg_arrival_refuge, layout_basic, chequers_serial_rivers_micro_a
D:2:      layout_basic, minmay_goblin_kobold_house, uniq_robin,
          uniq_crazy_yiuf_cottage
D:3:      kb_forest_paths, layout_basic,
          shapermc_ecumenical_altar_starsandcircs,
          hangedman_abyss_or_decor_lesser_grid, uniq_terence
D:4:      layout_basic, amcnicky_mini_rare_corridor_liquid,
          small_statue_intersection, minmay_misc_feat_secret_circle,
          serial_park_tiny_2, uniq_edmund, uniq_ijyb

Skill      XL: |  1  2  3  4  5 |
---------------+----------------+-----
Earth Magic    | 4 5 6 |  6.0
Conjurations   | 1 2 |  2.5
Dodging        | 2 |  2.6
Stealth        | |  2.1
Spellcasting   | |  2.5
Transmutations | |  0.7

Action                   |  1- 3 |  4- 6 || total
-------------------------+-------+-------++-------
Melee: Dagger            |    64 |   106 ||   170
       Mace              |       |     6 ||     6
 Cast: Sandblast         |    36 |     9 ||    45
       Stone Arrow       |       |     2 ||     2
  Use: Scroll            |     4 |     2 ||     6
 Stab: Sleeping          |     5 |     4 ||     9
Armor: Robe              |    30 |    42 ||    72
Dodge: Dodged            |    48 |    64 ||   112

Table legend: (Time is in decaauts)
 A = Elapsed time spent in this place.
 B = Non-inter-level travel time spent in this place.
 C = Inter-level travel time spent in this place.
 D = Time resting spent in this place.
 E = Time spent auto-exploring this place.
 F = Levels seen in this place.
 G = Mean time per level.
                   A        B        C        D        E       F      G
               +--------+--------+--------+--------+--------+-----+--------+
         Total |   4924 |   4785 |    139 |    207 |   3776 |   4 | 1231.0 |
       Dungeon |   4924 |   4785 |    139 |    207 |   3776 |   4 | 1231.0 |
               +--------+--------+--------+--------+--------+-----+--------+

Top non-repeatable levels by time:
     D:2: 1815 daAuts
     D:3: 1681 daAuts
     D:1: 1117 daAuts
     D:4: 310 daAuts
